 Dungeon Crawl Stone Soup version 0.27-a0-333-gfa571bf19a (webtiles) character file.

Game seed: 15843252508418086544

2 snetch the Magician (level 1, 0/10 HPs)
             Began as a Deep Elf Hedge Wizard on Feb 12, 2021.
             Slain by a worm (4 damage)
             ... on level 3 of the Dungeon.
             The game lasted 00:00:24 (133 turns).

snetch the Magician (Deep Elf Hedge Wizard)          Turns: 133, Time: 00:00:26

Health: 0/10       AC:  2    Str:  7    XL:     1   Next: 33%
Magic:  4/8        EV: 13    Int: 18    God:
Gold:   26         SH:  0    Dex: 14    Spells: 8/9 levels left

rFire    . . .     SeeInvis .   a - +0 dagger
rCold    . . .     Faith    .   (no shield)
rNeg     . . .     Spirit   .   b - +0 robe
rPois    .         Reflect  .   c - +0 hat
rElec    .         Harm     .   (no cloak)
rCorr    .         Rampage  .   (no gloves)
Will     .....                  (no boots)
Stlth    ++........             (no amulet)
HPRegen  0.03/turn              (no ring)
MPRegen  0.11/turn              (no ring)

@: no status effects
A: no striking features
a: no special abilities


You were on level 3 of the Dungeon.
You visited 1 branch of the dungeon, and saw 3 of its levels.

You collected 26 gold pieces.

Inventory:

Hand Weapons
 a - a +0 dagger (weapon)
Missiles
 d - 19 stones
Armour
 b - a +0 robe (worn)
 c - a +0 hat (worn)
Scrolls
 e - a scroll of amnesia {unknown}
 f - a scroll of identify {unknown}


   Skills:
 + Level 2.4 Dodging
 + Level 2.6 Stealth
 + Level 4.5 Spellcasting
 + Level 1.1 Conjurations
 + Level 1.1 Summonings
 + Level 1.1 Translocations


You had 8 spell levels left.
You knew the following spells:

 Your Spells              Type           Power        Failure   Level
a - Magic Dart            Conj           32%          9%          1

Your spell library contained the following spells:

 Spells                   Type           Power        Failure   Level
 Blink                    Tloc           N/A          14%         2
 Call Imp                 Summ           8%           14%         2
 Slow                     Hex            4%           22%         2
 Conjure Flame            Conj/Fire      6%           32%         3
 Mephitic Cloud           Conj/Pois/Air  5%           34%         3


Dungeon Overview and Level Annotations

Branches:
Dungeon (3/15)

Altars:


Message History

Magic restored.
You climb downwards.
Found a scroll labelled ZATIOL RIDWIWK.
Found a stone staircase leading up and a stone staircase leading down.
There is a stone staircase leading up here.
Found a glowing pink potion.
Found an escape hatch in the floor.
f - a scroll labelled ZATIOL RIDWIWK A worm comes into view.
You see here a glowing pink potion.
The helpless worm fails to defend itself.
You hit the worm.
The worm is moderately wounded.
The worm bites you!
Ouch! That really hurt!
* * * LOW HITPOINT WARNING * * *
You are too injured to fight recklessly!
You are too injured to fight recklessly!
Aiming: Magic Dart (safe; 9% risk of failure)
Press: ? - help, Q - select action, (/) - cycle Shift-Dir - straight line, f - worm
Aim: a worm (lightly wounded, 0% to evade)
The magic dart hits the worm.
The worm is moderately wounded.
Aiming: Magic Dart (safe; 9% risk of failure)
Press: ? - help, Q - select action, (/) - cycle Shift-Dir - straight line, f/p - worm
Aim: a worm (moderately wounded, 0% to evade)
The magic dart hits the worm.
The worm is moderately wounded.
Aiming: Magic Dart (safe; 9% risk of failure)
Press: ? - help, Q - select action, (/) - cycle Shift-Dir - straight line, f/p - worm
Aim: a worm (moderately wounded, 0% to evade)
The magic dart hits the worm.
The worm is heavily wounded.
Aiming: Magic Dart (safe; 9% risk of failure)
Press: ? - help, Q - select action, (/) - cycle Shift-Dir - straight line, f/p - worm
Aim: a worm (heavily wounded, 0% to evade)
The magic dart hits the worm.
The worm is severely wounded.
The worm bites you.
You die...

##... .#
###...## #.#
#....!.# ...#
#.#...##
#...#
##.#.###.>..#
#.##...#
#.###..#
#w##...# >.
#@##..###..#
#..........#
####.<###.##
#..# #..#
...< ##..#
#..# #..#


You could see a worm.

Vanquished Creatures
  2 bats
2 creatures vanquished.

Notes
Turn   | Place    | Note
-------+----------+-------------------------------------------
     0 | D:1      | snetch the Deep Elf Hedge Wizard began the quest for the
                  | Orb.
     0 | D:1      | Reached XP level 1. HP: 10/10 MP: 7/7
   133 | D:3      | Slain by a worm

Illustrated notes

Levels and vault maps discovered:
D:1:      dpeg_arrival_rhombi, layout_basic, minmay_box_of_dots
D:2:      layout_basic, uniq_robin
D:3:      layout_loops_ring, wander_ebering_terrifying_dragon_lair

Action                   || total
-------------------------++-------
Melee: Dagger            ||     1
 Cast: Magic Dart        ||     7
 Stab: Sleeping          ||     1
Dodge: Dodged            ||     1

Table legend: (Time is in decaauts)
 A = Elapsed time spent in this place.
 B = Non-inter-level travel time spent in this place.
 C = Inter-level travel time spent in this place.
 D = Time resting spent in this place.
 E = Time spent auto-exploring this place.
 F = Levels seen in this place.
 G = Mean time per level.
                   A        B        C        D        E       F      G
               +--------+--------+--------+--------+--------+-----+--------+
         Total |    132 |    132 |      0 |     39 |     55 |   3 |   44.0 |
       Dungeon |    132 |    132 |      0 |     39 |     55 |   3 |   44.0 |
               +--------+--------+--------+--------+--------+-----+--------+

Top non-repeatable levels by time:
     D:1: 88 daAuts
     D:2: 22 daAuts
     D:3: 21 daAuts
